 Dungeon Crawl Stone Soup version 0.18-a0-1027-g814d7dd (webtiles) character file.

2174 JokEr the Thaumaturge (level 9, -6/45 HPs)
             Began as a Deep Elf Wizard on Jan 8, 2016.
             Killed from afar by an orc (19 damage)
             ... with a wand of flame
             ... on level 6 of the Dungeon.
             The game lasted 00:25:07 (7320 turns).

JokEr the Thaumaturge (Deep Elf Wizard)             Turns: 7320, Time: 00:25:07

Health: -6/45      AC:  5    Str:  4    XL:     9   Next: 11%
Magic:  1/25       EV:  7    Int: 27    God:
Gold:   219        SH:  0    Dex: 13    Spells: 4 memorised, 20 levels left

rFire  x . .     SeeInvis +     u - staff of poison
rCold  + . .     Gourm    .     D - +2 robe {MR+}
rNeg   . . .     Faith    .     (no shield)
rPois  +         Spirit   .     b - +0 hat
rElec  .         Dismiss  .     (no cloak)
rCorr  .         Reflect  .     l - +0 pair of gloves
SustAt .         Harm     .     (no boots)
MR     +....                    (no amulet)
Stlth  ++........               v - ring of ice
                                a - ring of see invisible

@: somewhat resistant to hostile enchantments, unstealthy
A: no striking features
a: no special abilities


You were on level 6 of the Dungeon.
You were not hungry.

You visited 1 branch of the dungeon, and saw 6 of its levels.

You collected 219 gold pieces.

Inventory:

Hand Weapons
 H - a +2 quarterstaff of chaos
Armour
 b - a +0 hat (worn)
 l - a +0 pair of gloves (worn)
 D - a +2 robe of magic resistance (worn)
Magical Staves
 u - an uncursed staff of poison (weapon)
Jewellery
 a - a ring of see invisible (left hand)
 i - an uncursed ring of sustain attributes
 o - an uncursed ring of protection from cold
 v - a ring of ice (right hand)
Wands
 w - a wand of slowing (24/48)
Scrolls
 h - a scroll of enchant weapon
 x - 2 scrolls of teleportation
 y - a scroll of recharging
 A - 2 scrolls of identify
 E - 2 scrolls of remove curse
 F - a scroll of fear
Potions
 e - 2 potions of poison {unknown}
 f - 3 potions of might
 g - a potion of cancellation
 k - 3 potions of cure mutation
 m - 2 potions of berserk rage {unknown}
 p - a potion of heal wounds {unknown}
 r - 2 potions of flight {unknown}
 s - a potion of brilliance {unknown}
 z - 2 potions of degeneration {unknown}
 B - a potion of resistance {unknown}
Books
 c - a book of Minor Magic

   Spells                             Type                      Level
   a - Magic Dart                     Conjuration                  1
   b - Blink                          Translocation                2
   c - Call Imp                       Summoning                    2
   d - Repel Missiles                 Charms/Air                   2
   e - Slow                           Hexes                        2
   f - Conjure Flame                  Conjuration/Fire             3
   g - Mephitic Cloud                 Conjuration/Poison/Air       3
Comestibles
 d - 4 bread rations
 j - 5 fruits
 n - a beef jerky
 t - a meat ration
 C - a slice of pizza


   Skills:
 - Level 2.4 Dodging
 - Level 2.4 Stealth
 + Level 10.8 Spellcasting
 + Level 8.1 Conjurations
   Level 1.1 Summonings
 - Level 1.1 Translocations
 - Level 4.0 Fire Magic
 - Level 4.1 Poison Magic


You had 20 spell levels left.
You knew the following spells:

 Your Spells              Type           Power        Failure   Level  Hunger
a - Magic Dart            Conj           ####         1%          1    None
b - Conjure Flame         Conj/Fire      ###.....     1%          3    None
c - Mephitic Cloud        Conj/Pois/Air  ######..     2%          3    None
d - Blink                 Tloc           N/A          4%          2    None


Dungeon Overview and Level Annotations

Branches:
Dungeon (6/15)
 Temple: D:4-7

Altars:
Cheibriados

Annotations:
D:4 Oozefury's ghost, amateur HuGl


Message History

You blink.
Found 11 stones.
Casting: Blink
Confirm with . or Enter, or press ? or * to list all spells.
You blink.
An orc priest comes into view. It is wielding a flail of protection.
The orc priest shouts!
An orc comes into view. It is wielding a quarterstaff.
The orc shouts!
The orc zaps a wand.
The puff of flame misses you.
It is a wand of flame.
The orc priest looks braver for a moment.
Found a scroll of identify.
An orc wizard comes into view. It is wielding a dagger.
The iguana bites you!
* * * LOW HITPOINT WARNING * * *
The iguana misses you. The iguana barely misses you.
There is a stone staircase leading up, spattered with blood here.
The orc zaps a wand.
The puff of flame hits you! The fire burns you terribly!
You die...

#.# #.# #....# #.# #.#
#....# #.#######.# #....#
#......##.# #....########
###[......###....#...##..
#.##.##............##..
#..#.#.#...........##..
#..#............#......
##....@..########.###..
###...(...# #.. ...
#.......l..# ..###..
#.###......# .... #..
#......# ..... #..
####.#.# ...... #..
...#.# #+#... ## #####o#
#.#


You could see an iguana and an orc.

Vanquished Creatures
  Pikel (D:5)
  Grinder (D:6)
  Sigmund (D:6)
  Eustachio (D:5)
  An orc warrior (D:5)
  2 slaves (D:5)
  2 ogres
  A phantom (D:6)
  A centaur (D:6)
  A scorpion (D:4)
  4 wights (D:5)
  2 giant frog zombies
  An orc priest (D:5)
  Crazy Yiuf (D:5)
  3 centaur skeletons
  2 hounds
  2 orc wizards (D:5)
  5 worker ants
  A killer bee zombie (D:6)
  4 adders
  A shadow imp (D:6)
  2 oozes (D:1)
  A worm (D:5)
  4 giant geckos
  14 orcs
  4 giant cockroaches
  5 goblins
  11 hobgoblins
  10 jackals
  2 quokkas
  3 ball pythons
  7 bats
  A giant cockroach zombie (D:6)
  2 giant gecko skeletons
  2 giant newts
  9 kobolds
  4 rats
119 creatures vanquished.

Vanquished Creatures (others)
  A slave (D:5)
  A jelly (D:5)
2 creatures vanquished.

Grand Total: 121 creatures vanquished

Notes
Turn   | Place    | Note
--------------------------------------------------------------
     0 | D:1      | JokEr the Deep Elf Wizard began the quest for the Orb.
     0 | D:1      | Reached XP level 1. HP: 10/10 MP: 7/7
   205 | D:1      | Reached XP level 2. HP: 15/15 MP: 4/9
   535 | D:1      | Reached skill level 5 in Spellcasting
   639 | D:1      | Reached XP level 3. HP: 19/19 MP: 6/11
  1660 | D:3      | Reached XP level 4. HP: 24/24 MP: 0/13
  2011 | D:3      | Noticed an ogre
  2047 | D:2      | Learned a level 3 spell: Conjure Flame
  2051 | D:2      | Learned a level 3 spell: Mephitic Cloud
  2054 | D:2      | Learned a level 2 spell: Blink
  2085 | D:3      | Reached skill level 6 in Spellcasting
  2173 | D:3      | Killed an ogre
  2173 | D:3      | Reached XP level 5. HP: 28/28 MP: 14/16
  2240 | D:3      | Found a snail-covered altar of Cheibriados.
  2509 | D:4      | Noticed an ogre
  2521 | D:4      | Killed an ogre
  2521 | D:4      | Reached skill level 7 in Spellcasting
  2521 | D:4      | Reached skill level 1 in Fire Magic
  2521 | D:4      | Reached skill level 1 in Poison Magic
  2521 | D:4      | Reached XP level 6. HP: 32/32 MP: 7/18
  2678 | D:4      | Noticed Oozefury's ghost (amateur HuGl)
  3358 | D:5      | Entered Level 5 of the Dungeon
  3620 | D:5      | Noticed a slave
  3620 | D:5      | Noticed a slave
  3622 | D:5      | Noticed a slave
  3623 | D:5      | Noticed Pikel
  3623 | D:5      | Noticed a slave
  4040 | D:5      | Noticed Eustachio
  4093 | D:5      | Killed Eustachio
  4093 | D:5      | Reached skill level 5 in Conjurations
  4093 | D:5      | Reached XP level 7. HP: 13/36 MP: 0/20
  5004 | D:5      | Killed Pikel
  5004 | D:5      | Reached skill level 8 in Spellcasting
  5004 | D:5      | Reached XP level 8. HP: 41/41 MP: 1/22
  5505 | D:5      | Noticed Crazy Yiuf
  5515 | D:5      | Killed Crazy Yiuf
  5842 | D:5      | Reached skill level 9 in Spellcasting
  6974 | D:6      | Reached skill level 10 in Spellcasting
  7266 | D:6      | Noticed Sigmund
  7271 | D:6      | Noticed Grinder
  7275 | D:6      | Killed Sigmund
  7275 | D:6      | Reached XP level 9. HP: 42/45 MP: 13/25
  7291 | D:6      | Killed Grinder
  7320 | D:6      | Killed from afar by an orc

Vault maps used:
D:1:      lemuel_arrival_behind_the_door_large, fountainhead
D:2:      first_bread
D:3:      cheibriados_altar_wand_db
D:5:      uniq_crazy_yiuf_cottage, uniq_eustachio, uniq_pikel
D:6:      nicolae_overflow_hidden_temple, minmay_temple_entry_large_hall,
          basic_altar, tso_altar, uniq_sigmund, uniq_grinder

Action                   |  1- 3 |  4- 6 |  7- 9 || total
-------------------------+-------+-------+-------++-------
Melee: Unarmed           |     3 |     5 |       ||     8
       Staff             |       |     4 |     2 ||     6
 Cast: Magic Dart        |   108 |   150 |   271 ||   529
       Conjure Flame     |       |    10 |     7 ||    17
       Blink             |       |     4 |     5 ||     9
       Mephitic Cloud    |       |     3 |     9 ||    12
  Use: Scroll            |    16 |     1 |     2 ||    19
       Potion            |       |     2 |       ||     2
  Eat: Chunk             |     2 |     4 |     6 ||    12
       Fruit             |       |     4 |       ||     4
       Bread ration      |       |       |     1 ||     1
